 Dungeon Crawl Stone Soup version 0.16-a0-734-gc254e8c (webtiles) character file.

751 Afay the Ducker (level 8, 0/72 HPs)
             Began as a Kobold Berserker on Sept 21, 2014.
             Was an Elder of Trog.
             Slain by a chaos spawn (11 damage)
             ... on Level 1 of the Abyss on Sept 22, 2014.
             The game lasted 00:20:01 (5137 turns).

Afay the Ducker (Kobold Berserker)                  Turns: 5137, Time: 00:20:01

HP   0/72        AC  4     Str 23      XL: 8   Next:  6%
MP   8/8         EV 17     Int  0 (5)  God: Trog [****..]
Gold 234         SH  0     Dex 13 (15) Spells:  0 memorised,  7 levels left

rFire  . . .     SeeInvis +     z - +2 short sword (venom)
rCold  . . .     Clarity  .     m - +0 leather armour
rNeg   . . .     rCorr    .     (no shield)
rPois  .         rRot     .     (no helmet)
rElec  .         Spirit   .     h - +0 cloak
SustAb .         Warding  .     a - +0 pair of gloves
rMut   .         Stasis   .     (no boots)
Gourm  .                        k - amulet of rage
MR     .....                    (no ring)
                                v - ring of see invisible

@: berserking, lost intelligence, very slow, not resistant to hostile
enchantments, extremely unstealthy
A: carnivore 3, deformed body
a: Burn Spellbooks, Berserk, Trog's Hand, Brothers in Arms, Renounce Religion,
Evoke Berserk Rage


You were on level 1 of the Abyss.
You worshipped Trog.
Trog was greatly pleased with you.
You were not hungry.

You visited 1 branch of the dungeon, and saw 5 of its levels.
You visited the Abyss 1 time.

You collected 294 gold pieces.
You spent 60 gold pieces at shops.

Inventory:

Hand weapons
 z - a +2 short sword of venom (weapon)
Missiles
 b - 8 tomahawks (quivered)
Armour
 a - a +0 pair of gloves (worn)
 h - a +0 cloak (worn)
 m - a +0 leather armour (worn)
 C - a +0 chain mail
Magical devices
 o - a wand of polymorph (11) {unknown}
 u - a wand of digging (15)
Comestibles
 c - 5 meat rations
 f - 4 royal jellies
 s - a beef jerky
Scrolls
 d - a scroll of torment {unknown}
 g - a scroll of immolation
 i - 6 scrolls of identify
 l - a scroll of teleportation
 n - 3 scrolls of recharging
 y - a scroll of fog
 G - a scroll of enchant armour {unknown}
Jewellery
 k - an amulet of rage (around neck)
 v - a ring of see invisible (left hand)
Potions
 e - 2 potions of haste {unknown}
 j - 5 potions of curing
 q - a potion of mutation {unknown}
 r - a potion of cure mutation {unknown}
 t - a potion of restore abilities {unknown}
 w - a potion of poison {unknown}
 x - a potion of cancellation {unknown}
 A - a potion of magic {unknown}
 D - 2 potions of heal wounds


   Skills:
 + Level 4.8 Fighting
 + Level 6.0 Short Blades
 * Level 3.6 Throwing
 + Level 2.5 Armour
 * Level 6.9 Dodging
 + Level 1.7 Stealth


You had 7 spell levels left.
You didn't know any spells.

Dungeon Overview and Level Annotations

Branches:
Dungeon (5/15)
 Temple: D:4-7

Altars:
Elyvilon
Makhleb
Nemelex Xobeh
Okawaru
Qazlal

Shops:
D:5 !


Innate Abilities, Weirdness & Mutations

You are small and have problems with some larger weapons.
You are carnivorous and can eat meat at any time.
Armour fits poorly on your strangely shaped body.


Message History

The quasit bites you but does no damage.
The quasit completely misses you.
The quasit claws you but does no damage.
The quasit bites you.
The quasit claws you but does no damage. x2
You can move again.
Unknown command.
Unknown command.
Unknown command.
Use which ability? (? or * to list)
A red film seems to cover your vision as you go berserk!
You feel yourself moving faster!
You feel mighty!
You feel somewhat more hungry. The quasit barely misses you.
The quasit claws you but does no damage.
The quasit closely misses you. The quasit completely misses you.
The quasit completely misses you. x2
The chaos spawn hits you!
* * * LOW HITPOINT WARNING * * *
The chaos spawn freezes you!
You die...

. .. .. .# .
##. ... #.#
#..###3###
#.....@..##
...#...355..#
#.##..5....#
...........#
.#.#......##
.##.......#
#..5.......#
. ........# .
........#


You could see a neqoxec, a chaos spawn, an iron imp and 3 quasits.

Vanquished Creatures
  An ogre (D:4)
  Sigmund (D:2)
  A hippogriff zombie (D:5)
  A jelly (D:5)
  An iguana (D:5)
  3 hounds
  2 orc priests
  2 orc wizards
  3 worker ants
  A hound skeleton (D:3)
  6 adders
  2 giant mites
  An orc skeleton (D:5)
  2 worms (D:3)
  2 giant geckos
  14 orcs
  4 giant cockroaches
  8 hobgoblins
  8 jackals (D:3)
  9 kobolds
  3 quokkas
  8 bats
  2 giant newts
  9 goblins
  A kobold skeleton (D:5)
  13 rats
108 creatures vanquished.

Vanquished Creatures (others)
  A lurking horror (Abyss:1)
1 creature vanquished.

Grand Total: 109 creatures vanquished

Notes
Turn   | Place    | Note
--------------------------------------------------------------
     0 | D:1      | Afay, the Kobold Berserker, began the quest for the Orb.
     0 | D:1      | Reached XP level 1. HP: 14/14 MP: 1/1
   401 | D:1      | Reached XP level 2. HP: 19/19 MP: 2/2
  1035 | D:2      | Reached XP level 3. HP: 23/23 MP: 3/3
  1079 | D:2      | Noticed Sigmund
  1085 | D:2      | Killed Sigmund
  1085 | D:2      | Reached skill level 1 in Stealth
  1085 | D:2      | Reached XP level 4. HP: 29/29 MP: 4/4
  1087 | D:2      | Acquired Trog's second power
  1175 | D:2      | Reached XP level 5. HP: 33/33 MP: 5/5
  1179 | D:2      | Reached skill level 5 in Short Blades
  1263 | D:2      | Found a sparkling altar of Nemelex Xobeh.
  1940 | D:3      | Reached XP level 6. HP: 21/38 MP: 6/6
  2117 | D:3      | Reached skill level 5 in Dodging
  2202 | D:3      | HP: 1/38 [jackal (1)]
  2220 | D:3      | Reached skill level 1 in Throwing
  2938 | D:3      | Found an iron altar of Okawaru.
  3192 | D:4      | Found a burning altar of Makhleb.
  3245 | D:4      | Found a white marble altar of Elyvilon.
  3419 | D:4      | Reached XP level 7. HP: 44/44 MP: 7/7
  3508 | D:4      | Reached skill level 6 in Dodging
  3860 | D:4      | Acquired Trog's third power
  3898 | D:5      | Entered Level 5 of the Dungeon
  4606 | D:5      | Reached XP level 8. HP: 24/48 MP: 8/8
  4646 | D:5      | Found a stormy altar of Qazlal.
  4653 | D:5      | Found Diocho Teire's Distillery.
  4925 | D:5      | Bought a potion of heal wounds for 36 gold pieces
  4925 | D:5      | Bought a potion of curing for 24 gold pieces
  4936 | D:5      | Cast into the Abyss (a distortion unwield)
  5005 | Abyss:1  | Noticed a bone dragon
  5127 | Abyss:1  | Gained mutation: Armour fits poorly on your strangely shaped body. [a neqoxec]
  5133 | Abyss:1  | Lost intelligence.
  5137 | Abyss:1  | Slain by a chaos spawn

Action                   |  1- 3 |  4- 6 |  7- 9 || total
-------------------------+-------+-------+-------++-------
Melee: Short sword       |    75 |   257 |   111 ||   443
Throw: Tomahawk          |       |    18 |       ||    18
Invok: Berserk           |     1 |     2 |     4 ||     7
       Trog's Hand       |       |     2 |     1 ||     3
Evoke: Wand              |       |     1 |       ||     1
  Use: Scroll            |       |       |    10 ||    10
  Eat: Chunk             |       |    12 |     8 ||    20
